 Dungeon Crawl Stone Soup version 0.18-a0-60-g15541d7 (webtiles) character file.

264495 Duffy the Brawler (level 20, -2/179 HPs)
             Began as a Hill Orc Monk on Nov 8, 2015.
             Was the Champion of Cheibriados.
             Slain by a greater naga
             ... wielding a +0 flail
              (15 damage)
             ... on level 4 of the Snake Pit on Nov 9, 2015.
             The game lasted 01:12:30 (45841 turns).

Duffy the Brawler (Hill Orc Monk)                  Turns: 45841, Time: 01:12:30

Health: -2/179     AC: 35    Str: 38    XL:     20   Next: 45%
Magic:  23/29      EV: 27    Int: 25    God:    Cheibriados [******]
Gold:   2501       SH:  0    Dex: 28    Spells: 1 memorised, 22 levels left

rFire  + + .     SeeInvis .       - Unarmed
rCold  . . .     Clarity  .     G - +10 plate armour {rF+}
rNeg   + . .     SustAt   .     (no shield)
rPois  .         Gourm    .     C - +2 hat {rF+}
rElec  .         Spirit   .     r - +1 cloak
rCorr  .         Warding  .     F - +0 pair of gloves
rMut   .         Stasis   .     Y - +0 pair of boots
MR     +....                    g - amulet of faith
Stlth  ..........               u - ring of positive energy
                                S - +3 ring of evasion

@: lethally poisoned (-2 -> -3), regenerating, very slow, somewhat resistant to
hostile enchantments, extremely unstealthy
A: no striking features
a: Bend Time, Temporal Distortion, Slouch, Step From Time, Renounce Religion
}: 1/15 runes: decaying


You were on level 4 of the Snake Pit.
You worshipped Cheibriados.
Cheibriados was exalted by your worship.
You were not hungry.

You visited 6 branches of the dungeon, and saw 36 of its levels.
You also visited: Volcano.

You collected 3475 gold pieces.
You spent 974 gold pieces at shops.


   Skills:
 + Level 15.5 Fighting
 + Level 15.5 Armour
 + Level 14.8 Dodging
 - Level 1.5 Stealth
 - Level 20.0 Unarmed Combat
 - Level 3.2 Spellcasting
 - Level 8.0 Charms
 - Level 8.5 Necromancy
 - Level 12.0 Invocations


You had 22 spell levels left.
You knew the following spells:

 Your Spells              Type           Power        Failure   Level  Hunger
c - Regeneration          Chrm/Necr      #####.....   4%          3    ###....

Inventory:

Hand Weapons
 a - a +5 blowgun
Missiles
 d - 723 stones (quivered)
 l - 66 poisoned needles
 w - 3 throwing nets
 Z - 9 curare-tipped needles
Armour
 r - a +1 cloak (worn)
 C - a +2 hat of fire resistance (worn)
 F - a +0 pair of gloves (worn)
 G - a +10 plate armour of fire resistance (worn)
 Y - a +0 pair of boots (worn)
Jewellery
 g - an amulet of faith (around neck)
 j - an uncursed ring of invisibility
 m - an uncursed amulet of regeneration {unknown}
 u - a ring of positive energy (right hand)
 I - an uncursed ring of ice
 S - a +3 ring of evasion (left hand)
Wands
 c - a wand of heal wounds (5)
 q - a wand of polymorph (18)
 B - a wand of paralysis (2)
 L - a wand of teleportation (3)
 T - a wand of teleportation (6)
 X - a wand of cold (4)
Scrolls
 e - 2 scrolls of silence
 h - 7 scrolls of teleportation
 i - 11 scrolls of remove curse
 n - a scroll of holy word
 y - 5 scrolls of blinking
 D - 3 scrolls of fog
 E - 4 scrolls of fear
 J - 5 scrolls of magic mapping
 Q - 9 scrolls of recharging
Potions
 o - 6 potions of heal wounds
 p - 3 potions of resistance
 s - 4 potions of curing
 t - 3 potions of flight
 v - 2 potions of agility
 x - 3 potions of magic
 H - 2 potions of ambrosia
 K - a potion of invisibility
 M - 4 potions of cancellation
 O - a potion of might
 P - a potion of cure mutation
Miscellaneous
 k - a sack of spiders
 A - a phantom mirror
Comestibles
 b - 5 bread rations
 U - 8 meat rations

Dungeon Overview and Level Annotations

Branches:
Dungeon (15/15)            Temple (1/1) D:5            Lair (8/8) D:9
  Swamp (4/4) Lair:5        Snake (4/4) Lair:4        Slime (0/6) Lair:6
    Orc (4/4) D:10            Elf (0/3) Orc:4        Depths (0/5) D:15
 Vaults: D:13-14

Altars:
Ashenzari
Cheibriados
Dithmenos
Elyvilon
Fedhas
Gozag
Kikubaaqudgha
Makhleb
Nemelex Xobeh
Okawaru
Qazlal
Ru
Sif Muna
Trog
Vehumet
Xom
Yredelemnul
Zin
The Shining One
Beogh
Jiyva

Shops:
D:6 :   D:7 :   Orc:4 *?[}   Snake:1 %   Snake:2 *

Annotations:
D:13 exclusions: orc warrior and 1 more exclusion


Message History

You are more poisoned.
The greater naga constricts you. The naga spits poison at you.
The splash of poison hits you!
You are more poisoned.
You punch the greater naga!
The greater naga is moderately wounded.
You feel sick.
The guardian serpent completely misses you.
The greater naga hits you but does no damage.
The greater naga constricts you.
The naga mage mumbles some strange words.
The naga mage seems to speed up.
A naga sharpshooter comes into view. It is wielding a scimitar.
You escape the greater naga's grasp.
You feel very sick.
The guardian serpent completely misses you.
The guardian serpent misses you.
You see here a bolt of frost.
You can feel time thicken for a moment.
You feel somewhat more hungry.
You feel very sick.
The guardian serpent closely misses you.
The greater naga points at you and mumbles some strange words.
The bolt of poison hits you!
You are more poisoned.
You feel very sick.
You hear a distant "Zot"!
You see here a bolt of frost.
Drink which item? (? for menu, Esc to quit)
You feel better. The greater naga casts a spell at you.
The bolt of poison hits you!
You are poisoned.
The greater naga hits you with a flail!
You die...

.........#####
###.......#######
#####...##...........
.##.......(...<.#....)#
......#..(##...##...)()
.........#####.......).
####..(...............
#....#######.....##.
..###..#@##
.........#.. ......##N#
.........##..
.......(S#
...###########
...<..)NN# ..
.........# # .........#
.....#...# ...##....#
... #.....


You could see a greater naga, a guardian serpent, a naga mage and a naga.

Action                   |  1- 3 |  4- 6 |  7- 9 | 10-12 | 13-15 | 16-18 | 19-21 || total
-------------------------+-------+-------+-------+-------+-------+-------+-------++-------
Melee: Unarmed           |   141 |   162 |   269 |   625 |  1451 |  1624 |   399 ||  4671
 Fire: Blowgun           |       |       |       |       |    11 |       |       ||    11
 Cast: Regeneration      |       |       |       |       |       |    19 |    16 ||    35
Invok: Slouch            |       |       |       |     3 |    16 |    15 |     1 ||    35
       Bend Time         |       |       |       |       |       |     1 |       ||     1
Evoke: Wand              |       |     5 |       |       |       |       |     7 ||    12
  Use: Scroll            |     2 |     3 |     6 |    15 |     7 |    15 |     4 ||    52
       Potion            |       |       |     1 |     1 |     3 |     7 |     4 ||    16
 Stab: Paralysed         |       |     8 |       |       |       |       |       ||     8
       Invisible         |       |       |       |       |     8 |       |       ||     8
       Distracted        |       |       |       |       |     1 |     1 |       ||     2
       Confused          |       |       |       |       |       |     1 |       ||     1
  Eat: Chunk             |     1 |     8 |     6 |    14 |    26 |    11 |       ||    66
       Fruit             |       |       |       |       |       |    28 |       ||    28
       Meat ration       |       |       |       |       |       |       |     1 ||     1
       Beef jerky        |       |       |       |       |       |       |     1 ||     1

Notes
Turn   | Place    | Note
--------------------------------------------------------------
     0 | D:1      | Duffy the Hill Orc Monk began the quest for the Orb.
     0 | D:1      | Reached XP level 1. HP: 19/19 MP: 1/1
   224 | D:1      | Reached skill level 5 in Unarmed Combat
   224 | D:1      | Reached XP level 2. HP: 13/26 MP: 2/2
   456 | D:1      | Reached XP level 3. HP: 31/31 MP: 3/3
   861 | D:2      | Noticed Sigmund
  1286 | D:3      | Reached skill level 6 in Unarmed Combat
  1286 | D:3      | Reached XP level 4. HP: 39/39 MP: 4/4
  1991 | D:2      | Killed Sigmund
  1991 | D:2      | Reached skill level 7 in Unarmed Combat
  1991 | D:2      | Reached XP level 5. HP: 45/45 MP: 5/5
  1991 | D:2      | Reached XP level 6. HP: 51/51 MP: 6/6
  2181 | D:2      | Found a basalt altar of Yredelemnul.
  2514 | D:2      | Reached skill level 8 in Unarmed Combat
  3011 | D:4      | Noticed Duvessa
  3011 | D:4      | Noticed Dowan
  3185 | D:2      | Noticed Crazy Yiuf
  3187 | D:2      | Killed Crazy Yiuf
  3626 | D:5      | Entered Level 5 of the Dungeon
  3626 | D:5      | Found a staircase to the Ecumenical Temple.
  3644 | Temple   | Entered the Ecumenical Temple
  3729 | Temple   | Became a worshipper of Cheibriados the Contemplative
  3729 | Temple   | Reached * piety under Cheibriados
  3729 | Temple   | Reached ** piety under Cheibriados
  3878 | D:5      | Noticed axujen's ghost (novice GrIE)
  3895 | D:5      | Killed axujen's ghost
  3895 | D:5      | Reached skill level 4 in Fighting
  3895 | D:5      | Reached skill level 1 in Armour
  3895 | D:5      | Reached skill level 9 in Unarmed Combat
  3895 | D:5      | Reached XP level 7. HP: 19/59 MP: 7/7
  4242 | D:5      | Found a sparkling altar of Nemelex Xobeh.
  4322 | D:5      | Found an opulent altar of Gozag.
  4573 | D:5      | Reached skill level 2 in Armour
  4834 | D:5      | Reached XP level 8. HP: 61/67 MP: 8/8
  4980 | D:5      | Reached *** piety under Cheibriados
  5080 | D:6      | Reached skill level 5 in Fighting
  5124 | D:6      | Reached skill level 10 in Unarmed Combat
  5280 | D:6      | Reached skill level 3 in Armour
  5705 | D:4      | Reached skill level 4 in Armour
  5708 | D:4      | Reached **** piety under Cheibriados
  5766 | D:4      | Killed Duvessa
  5766 | D:4      | Reached skill level 6 in Fighting
  5773 | D:4      | Killed Dowan
  5965 | D:4      | Found an opulent altar of Gozag.
  6208 | D:6      | Reached XP level 9. HP: 72/75 MP: 9/9
  6237 | D:6      | Found Attux's Book Shop.
  6275 | D:6      | Reached skill level 11 in Unarmed Combat
  6477 | D:6      | Reached ***** piety under Cheibriados
  6562 | D:6      | Found a glowing golden altar of the Shining One.
  6563 | D:6      | Found an iron altar of Okawaru.
  6563 | D:6      | Found a deep blue altar of Sif Muna.
  6563 | D:6      | Found a sacrificial altar of Ru.
  6564 | D:6      | Found an ancient bone altar of Kikubaaqudgha.
  6566 | D:6      | Found a burning altar of Makhleb.
  6567 | D:6      | Found a shattered altar of Ashenzari.
  7035 | D:7      | Reached skill level 1 in Invocations
  7071 | D:7      | Reached skill level 7 in Fighting
  7077 | D:7      | Reached skill level 2 in Invocations
  7090 | D:7      | Reached skill level 3 in Invocations
  7379 | D:7      | Reached skill level 12 in Unarmed Combat
  7454 | D:7      | Found Riororph's Book Emporium.
  7519 | D:7      | Reached skill level 4 in Invocations
  7577 | D:7      | Reached skill level 8 in Fighting
  7596 | D:7      | Reached XP level 10. HP: 88/88 MP: 13/13
  8176 | D:8      | Reached skill level 5 in Invocations
  8397 | D:8      | Reached ****** piety under Cheibriados
  8852 | D:8      | Reached skill level 13 in Unarmed Combat
  8870 | D:8      | Learned a level 3 spell: Regeneration
  9173 | D:9      | Noticed nublet's ghost (novice CeFE)
  9186 | D:9      | Killed nublet's ghost
  9186 | D:9      | Reached skill level 9 in Fighting
  9186 | D:9      | Reached skill level 6 in Invocations
  9548 | D:9      | Noticed an elephant
  9565 | D:9      | Killed an elephant
  9565 | D:9      | Reached skill level 7 in Invocations
  9673 | D:9      | Found a staircase to the Lair.
  9837 | D:9      | Reached XP level 11. HP: 93/97 MP: 16/16
 10128 | D:9      | Reached skill level 14 in Unarmed Combat
 10173 | D:10     | Entered Level 10 of the Dungeon
 10563 | D:10     | Noticed a hill giant
 10573 | D:10     | Killed a hill giant
 10573 | D:10     | Reached skill level 10 in Fighting
 10576 | D:10     | Reached skill level 8 in Invocations
 11037 | D:10     | Noticed Sonja
 11037 | D:10     | Killed Sonja
 11037 | D:10     | Reached skill level 5 in Armour
 11136 | D:10     | Found a staircase to the Orcish Mines.
 11169 | D:10     | Reached skill level 3 in Dodging
 11428 | Lair:1   | Entered Level 1 of the Lair of Beasts
 11703 | Lair:1   | Reached skill level 6 in Armour
 12167 | Lair:1   | Reached skill level 4 in Dodging
 12213 | Lair:1   | Got a pitted shield
 12404 | Lair:2   | Reached skill level 15 in Unarmed Combat
 12541 | Lair:2   | Reached XP level 12. HP: 103/106 MP: 18/18
 12572 | Lair:2   | Reached skill level 7 in Armour
 12892 | Lair:2   | Reached skill level 5 in Dodging
 13077 | Lair:2   | Noticed Gastronok
 13088 | Lair:2   | Killed Gastronok
 13088 | Lair:2   | Reached skill level 8 in Armour
 13196 | Lair:2   | Noticed a death yak
 13203 | Lair:2   | Killed a death yak
 13391 | Lair:2   | Noticed a six-headed hydra
 13395 | Lair:2   | Killed a six-headed hydra
 13782 | Lair:3   | Reached skill level 6 in Dodging
 14321 | Lair:3   | Reached skill level 9 in Armour
 15186 | Lair:4   | Reached skill level 16 in Unarmed Combat
 15199 | Lair:4   | Found a dark tunnel.
 15208 | Volcano  | Entered a volcano
 15349 | Volcano  | Found a burning altar of Makhleb.
 15355 | Volcano  | Reached XP level 13. HP: 84/113 MP: 13/19
 15564 | Volcano  | Reached skill level 7 in Dodging
 15783 | Volcano  | Reached skill level 10 in Armour
 16231 | Lair:4   | Noticed Urug
 16243 | Lair:4   | Killed Urug
 16613 | Lair:4   | Noticed Harold
 16624 | Lair:4   | Killed Harold
 16656 | Lair:4   | Found a staircase to the Snake Pit.
 17692 | Lair:5   | You fall through a shaft for 3 floors!
 17692 | Lair:8   | Entered Level 8 of the Lair of Beasts
 17703 | Lair:8   | Reached skill level 8 in Dodging
 17715 | Lair:8   | Reached skill level 11 in Armour
 17876 | Lair:8   | Reached skill level 17 in Unarmed Combat
 18064 | Lair:8   | Reached XP level 14. HP: 111/121 MP: 20/20
 18275 | Lair:8   | Reached skill level 9 in Dodging
 18406 | Lair:8   | Reached skill level 12 in Armour
 19137 | Lair:5   | You fall through a shaft for 3 floors!
 19253 | Lair:5   | Noticed Rupert
 19263 | Lair:5   | Killed Rupert
 19263 | Lair:5   | Reached skill level 9 in Invocations
 19570 | Lair:5   | Found a staircase to the Swamp.
 19723 | Lair:5   | Reached skill level 10 in Invocations
 20394 | Lair:6   | Noticed Snorg
 20407 | Lair:6   | Killed Snorg
 20424 | Lair:6   | Noticed Kirke
 20609 | Lair:6   | Found a viscous altar of Jiyva.
 20609 | Lair:6   | Found a staircase to the Slime Pits.
 20622 | Lair:6   | Killed Kirke
 20889 | Lair:6   | Reached XP level 15. HP: 112/128 MP: 22/22
 21212 | Lair:7   | Reached skill level 10 in Dodging
 21224 | Lair:7   | Reached skill level 11 in Fighting
 21341 | Lair:7   | Reached skill level 13 in Armour
 21341 | Lair:7   | Reached skill level 18 in Unarmed Combat
 23250 | D:11     | Noticed Josephine
 23264 | D:11     | Killed Josephine
 23307 | D:11     | Noticed Psyche
 23310 | D:11     | Killed Psyche
 24172 | D:12     | Noticed kal9871's ghost (journeyman MiGl)
 24189 | D:12     | Killed kal9871's ghost
 24189 | D:12     | Reached skill level 12 in Fighting
 25065 | Orc:1    | Entered Level 1 of the Orcish Mines
 25068 | Orc:1    | Found a roughly hewn altar of Beogh.
 25780 | Orc:2    | Reached skill level 11 in Dodging
 27004 | Orc:4    | Entered Level 4 of the Orcish Mines
 27007 | Orc:4    | Noticed Maurice
 27115 | Orc:4    | Paralysed by something for 7 turns
 27124 | Orc:4    | Killed Maurice
 27148 | Orc:4    | Found a staircase to the Elven Halls.
 27198 | Orc:4    | Noticed UristPineapples's ghost (journeyman DgCj)
 27314 | Orc:4    | Killed UristPineapples's ghost
 27750 | Orc:4    | Reached XP level 16. HP: 141/141 MP: 23/23
 27995 | Orc:4    | Noticed Nessos
 28000 | Orc:4    | Killed Nessos
 28352 | Orc:4    | Found a roughly hewn altar of Beogh.
 28463 | Orc:4    | Reached skill level 14 in Armour
 28470 | Orc:4    | Found Xepuhoxa's Gadget Shoppe.
 28470 | Orc:4    | Found Dyilasch's General Store.
 28579 | Orc:4    | Found Sunesk's Armour Shoppe.
 28579 | Orc:4    | Found Kazuluymn's Magic Scroll Shop.
 28623 | Orc:4    | Bought a scroll of recharging for 133 gold pieces
 28623 | Orc:4    | Bought 2 scrolls of identify for 56 gold pieces
 28623 | Orc:4    | Bought a scroll of enchant armour for 105 gold pieces
 28623 | Orc:4    | Bought a scroll of silence for 105 gold pieces
 28625 | Orc:4    | Bought a scroll of enchant armour for 112 gold pieces
 28625 | Orc:4    | Bought 3 scrolls of recharging for 427 gold pieces
 29158 | D:13     | Reached skill level 13 in Fighting
 29785 | D:13     | Reached skill level 12 in Dodging
 30034 | D:13     | Reached skill level 19 in Unarmed Combat
 31153 | D:15     | Entered Level 15 of the Dungeon
 31301 | D:15     | Found a staircase to the Depths.
 31359 | D:15     | Reached skill level 13 in Dodging
 32619 | Snake:1  | Entered Level 1 of the Snake Pit
 32776 | Snake:1  | Found Winueb's Food Shop.
 33423 | Snake:1  | Noticed Aizul
 33448 | Snake:1  | Killed Aizul
 33448 | Snake:1  | Reached XP level 17. HP: 45/149 MP: 13/24
 33454 | Snake:1  | Noticed cireshan's ghost (journeyman DECj)
 33835 | Snake:1  | Killed cireshan's ghost
 33959 | Snake:1  | Reached skill level 14 in Dodging
 34360 | Snake:1  | Reached skill level 20 in Unarmed Combat
 34450 | Snake:1  | Reached skill level 1 in Necromancy
 34471 | Snake:1  | Reached skill level 1 in Charms
 34605 | Snake:2  | Reached skill level 1 in Spellcasting
 34641 | Snake:2  | Reached skill level 2 in Necromancy
 34656 | Snake:2  | Reached skill level 2 in Charms
 34688 | Snake:2  | Reached skill level 3 in Necromancy
 34704 | Snake:2  | Reached skill level 2 in Spellcasting
 35451 | Snake:2  | Reached skill level 3 in Charms
 35728 | Snake:2  | Found Roec's General Store.
 35740 | Snake:2  | Bought a scroll of teleportation for 36 gold pieces
 36071 | Snake:2  | Reached skill level 4 in Necromancy
 36266 | Snake:2  | Reached skill level 3 in Spellcasting
 36404 | Snake:2  | Reached skill level 4 in Charms
 36742 | Snake:2  | Reached skill level 5 in Necromancy
 37754 | Snake:3  | Reached skill level 5 in Charms
 37982 | Snake:3  | Reached skill level 6 in Necromancy
 38028 | Snake:3  | Noticed Dirtsage's ghost (adept MiBe)
 38042 | Snake:3  | Killed Dirtsage's ghost
 38458 | Snake:3  | Reached skill level 6 in Charms
 38468 | Snake:3  | Reached XP level 18. HP: 91/157 MP: 25/25
 38887 | Snake:3  | Reached skill level 7 in Necromancy
 39630 | Snake:3  | Reached skill level 7 in Charms
 39732 | Snake:2  | Reached skill level 8 in Necromancy
 39888 | Swamp:1  | Entered Level 1 of the Swamp
 40309 | Swamp:1  | Reached skill level 8 in Charms
 40513 | Swamp:1  | Reached skill level 11 in Invocations
 41161 | Swamp:2  | Reached skill level 12 in Invocations
 41775 | Swamp:2  | Found a bloodstained altar of Trog.
 42205 | Swamp:3  | Noticed Nikola
 42229 | Swamp:3  | Killed Nikola
 43326 | Swamp:4  | Entered Level 4 of the Swamp
 43581 | Swamp:4  | Reached XP level 19. HP: 148/166 MP: 28/28
 43899 | Swamp:4  | Reached skill level 14 in Fighting
 43995 | Swamp:4  | Reached skill level 15 in Armour
 44862 | Swamp:4  | Noticed a bone dragon
 44878 | Swamp:4  | Killed a bone dragon
 45208 | Swamp:4  | Got a decaying rune of Zot
 45412 | Snake:4  | Entered Level 4 of the Snake Pit
 45687 | Snake:4  | Reached skill level 15 in Fighting
 45687 | Snake:4  | Reached XP level 20. HP: 176/179 MP: 29/29
 45841 | Snake:4  | Slain by a greater naga

Vault maps used:
D:1:      mainiacjoe_arrival_reflecting_pool
D:2:      lemuel_crystal_altar, first_bread, kennysheep_generic_room_10,
          uniq_sigmund, uniq_crazy_yiuf_cottage
D:3:      lemuel_flame_loot_1
D:4:      nicolae_gozag_seed_capital, uniq_duvessa
D:5:      lemuel_doored_altar, minmay_temple_entry_purple_smoke, basic_altar,
          nrook_uturn
D:6:      minitemple, serial_shops, shop, minmay_misc_feat_cross
D:7:      serial_shops, shop_fountains, the_bakery
D:8:      minmay_misc_feat_tower
D:9:      david_lair_generic
D:10:     orc_0_dummy, grunt_ministairs_11, uniq_sonja
D:11:     uniq_josephine, uniq_psyche
D:12:     kb_tengu_band
D:13:     grunt_vaults_entry_fortified
D:14:     kennysheep_doodads, minivault_14, bh_walls_and_bars
D:15:     gammafunk_enter_depths_forms
Temple:   jpeg_temple_clearing_9
Lair:2:   special_room, st_stairs_4, small_statue_intersection,
          grunt_forest_stairs_basic, minivault_19, serial_bayou_shore_a,
          uniq_gastronok
Lair:3:   lemuel_fruit_tree, lemuel_fruit_fields, infiniplex_staircase_pool
Lair:4:   guppyfry_snake_entry_island, enter_volcano_1, serial_bayou_pond_e,
          uniq_urug, uniq_harold
Lair:5:   swamp_mist, serial_bayou_pond_c, uniq_rupert
Lair:6:   slime_altar_1, serial_bayou_shore_b, infiniplex_staircase_pool_2,
          uniq_snorg, uniq_kirke
Lair:7:   grunt_megastairs_4
Lair:8:   minmay_lair_end_frog_pond, st_stairs_10, serial_bayou_lake_a
Swamp:1:  evilmike_swamp_ruin_house_4, swamp_pool3, nicolae_swamp_baby_hydras
Swamp:2:  basic_altar
Swamp:3:  nicolae_swamp_triple_paths, hangedman_swamp_blocks, swamp_pool1,
          uniq_nikola
Swamp:4:  swamp_pestilence
Snake:1:  serial_shops, shop_fountains, serial_bayou_shore_b, uniq_aizul
Snake:2:  serial_shops, shop, basic_stair_grate_trap
Snake:3:  spider_trap
Snake:4:  grunt_snake_rune_serpentine_throne, nicolae_large_snake_swirl,
          serial_bayou_shore_b, uniq_vashnia, uniq_wiglaf
Orc:1:    nicolae_orc_lost_temple
Orc:3:    nicolae_orc_pool_cavern
Orc:4:    grunt_orc_tribal_feast, basic_altar, uniq_nessos, uniq_maurice
Volcano:  volcano_lake

Vanquished Creatures
  Nikola
  A bone dragon Rupert
  The ghost of Dirtsage the Slayer, an adept MiBe of Trog Gastronok
  A thorn hunter Kirke
  4 greater nagas Aizul
  The ghost of kal9871 the Fencer, a journeyman MiGl of Makhleb
  The ghost of cireshan the Eclecticist, a journeyman DECj of Sif Muna
  A stone giant Nessos
  The ghost of UristPineapples the Fighter, a journeyman DgCj Snorg Josephine Harold
  17 naga warriors
  5 anacondas
  22 hydras
  A catoblepas
  2 ghost crabs
  A centaur warrior
  The ghost of nublet the Arsonist, a novice CeFE of Vehumet
  An ogre mage
  20 alligators
  15 naga sharpshooters
  10 death yaks
  3 orc high priests
  6 shock serpents Urug
  A tengu warrior Sonja
  5 skeletal warriors
  A giant orange brain
  6 naga ritualists
  2 spriggan druids
  5 spectral hydras
  2 salamander mystics
  3 unseen horrors
  A swamp dragon
  3 shambling mangroves
  A phantasmal warrior
  A death drake (shapeshifter)
  A wolf spider zombie
  A hornet
  7 hill giants
  11 mana vipers
  An oklob plant
  3 griffons
  7 orc knights
  3 cyclopes
  8 ugly things
  3 orc sorcerers
  16 elephants
  13 salamanders
  2 molten gargoyles Maurice
  A manticore
  38 black mambas
  4 guardian serpents
  11 naga magi
  A torpor snail Psyche
  26 spiny frogs
  2 swamp worm zombies
  A kobold demonologist
  A yaktaur (shapeshifter)
  5 gargoyles
  A komodo dragon (shapeshifter)
  A tengu conjurer
  2 fire drakes
  2 hydra zombies
  A redback zombie
  The ghost of axujen the Frost Mage, a novice GrIE of Vehumet
  6 komodo dragons
  5 trolls
  A queen bee
  A polar bear
  6 giant leeches
  7 bog bodies
  8 two-headed ogres
  5 alligator zombies
  30 blink frogs
  A spectral swamp dragon
  22 slime creatures
  2 boulder beetles
  12 spriggans Sigmund
  2 hogs
  4 deep elf magi
  A human
  5 wraiths
  2 wyverns
  A fire bat
  13 hippogriffs
  2 basilisks
  66 yaks
  A hungry ghost
  3 shadows
  4 wargs
  2 soldier ants
  21 swamp worms
  30 vampire mosquitoes
  10 insubstantial wisps
  20 water moccasins
  10 porcupines
  30 wolves
  6 swamp drakes
  46 nagas Duvessa
  30 orc warriors
  21 wasps
  3 black bears
  4 sky beasts
  5 ice beasts
  9 phantoms
  3 eyes of draining
  5 swamp dragon zombies
  A necrophage
  4 boggarts
  16 ogres
  12 centaurs
  16 crocodiles Dowan
  43 giant frogs
  A water moccasin zombie
  2 big kobolds
  6 wights
  2 wyvern skeletons
  29 killer bees
  6 scorpions
  5 electric eels
  7 hounds
  14 crimson imps
  A wasp zombie
  4 centaur zombies
  6 jellies
  A giant frog zombie Crazy Yiuf
  9 iguanas
  31 orc priests
  A gnoll shaman
  43 orc wizards
  6 centaur skeletons
  A giant frog skeleton
  11 worker ants
  13 sheep
  4 hound skeletons
  7 gnolls
  A worker ant zombie
  6 adders
  81 river rats
  2 swamp drake zombies
  5 shadow imps
  2 oozes
  An adder skeleton
  2 adder zombies
  A worm
  7 giant geckos
  200 orcs
  A ball python
  6 giant cockroaches
  5 goblins
  3 hobgoblins
  13 jackals
  2 quokkas
  14 bats
  8 giant newts
  21 kobolds
  9 rats
  A fire vortex
  2 fulminant prisms
  37 fungi
  25 plants
1559 creatures vanquished.
